 Dungeon Crawl Stone Soup version 0.20-a0-858-g654850e (webtiles) character file.

340 M4edhros the Covert (level 6, -5/38 HPs)
             Began as an Octopode Artificer on Mar 12, 2017.
             Slain by Vile's ghost (13 damage)
             ... on level 4 of the Dungeon.
             The game lasted 00:02:57 (2003 turns).

M4edhros the Covert (Octopode Artificer)            Turns: 2003, Time: 00:02:58

Health: -5/38      AC:  1    Str: 11    XL:     6   Next: 56%
Magic:  8/8        EV: 13    Int: 14    God:
Gold:   301        SH:  0    Dex: 14    Spells: 5/5 levels left

rFire    . . .     SeeInvis .   a - +0 short sword
rCold    . . .     Gourm    .   (no shield)
rNeg     . . .     Faith    .   (helmet restricted)
rPois    .         Spirit   .   (no amulet)
rElec    .         Reflect  .   (no ring)
rCorr    .         Harm     .   (no ring)
MR       .....                  (no ring)
Stlth    +++++.....             (no ring)
Regen    0.2/turn               (no ring)
MPRegen  0.2/turn               (no ring)
                                (no ring)
                                (no ring)

@: drained
A: almost no armour, stealthy swim, amphibious, 8 rings, constrict 8, camouflage
1, gelatinous body 1
a: no special abilities


You were on level 4 of the Dungeon.
You were not hungry.

You visited 1 branch of the dungeon, and saw 4 of its levels.
You also visited: Ossuary.

You collected 301 gold pieces.

Inventory:

Hand Weapons
 a - a +0 short sword (weapon)
 k - a +0 longbow
Wands
 b - a wand of flame (2/48)
 c - a wand of enslavement (6/24)
 d - a wand of random effects (14/48)
Scrolls
 o - a scroll of enchant armour {unknown}
 p - a scroll of silence {unknown}
 q - a scroll of identify {unknown}
Potions
 e - a potion of resistance
 g - 4 potions of brilliance {unknown}
 i - a potion of might {unknown}
 j - 2 potions of curing {unknown}
 l - 2 potions of degeneration {unknown}
 m - a potion of flight {unknown}
 n - a potion of mutation {unknown}
 r - a potion of lignification {unknown}
Comestibles
 f - a bread ration
 h - a meat ration
 s - 2 chunks of flesh


   Skills:
 - Level 1.0(0.3) Fighting
 - Level 1.0(0.3) Short Blades
 - Level 2.0(1.3) Dodging
 + Level 9.3(8.4) Stealth
 - Level 3.2(2.5) Evocations


You had 5 spell levels left.
You didn't know any spells.

Dungeon Overview and Level Annotations

Branches:
Dungeon (4/15)
 Temple: D:4-7

Altars:

Annotations:
D:4 Duvessa; Vile's ghost, amateur MiFi


Innate Abilities, Weirdness & Mutations

You cannot wear most types of armour.
You are very stealthy in the water. (Stealth+)
You are amphibious.
You can wear up to eight rings at the same time.
You can use your tentacles to constrict eight enemies at once.
Your skin changes colour to match your surroundings (Stealth+).
Your rubbery body absorbs attacks. (AC +1, EV +1)


Message History

Aiming: Enslavement
Press: ? - help, Shift-Dir - straight line, f/p - Vile's ghost
Aim: Vile's ghost, wielding a weapon of draining (moderately damaged, chance to defeat MR: 35%) Duvessa easily resists.
This wand has 8 charges left.
Duvessa barely misses you. Vile's ghost closely misses you.
Evoke which item? (* to show all) (? for menu, Esc to quit)
Aiming: Enslavement
Press: ? - help, Shift-Dir - straight line, f/p - Vile's ghost
Aim: Vile's ghost, wielding a weapon of draining (moderately damaged, chance to defeat MR: 35%) Duvessa easily resists.
This wand has 7 charges left.
Duvessa hits you with a rapier. Vile's ghost misses you.
Evoke which item? (* to show all) (? for menu, Esc to quit)
Aiming: Enslavement
Press: ? - help, Shift-Dir - straight line, f/p - Vile's ghost
Aim: Vile's ghost, wielding a weapon of draining (moderately damaged, chance to defeat MR: 35%) Duvessa easily resists.
This wand has 6 charges left.
Duvessa closely misses you. Duvessa hits you with a rapier!
* * * LOW HITPOINT WARNING * * *
Vile's ghost hits you!
You die...

#.Z................##..#
+.............o....+...#
#..e........Z.o....###.##
#............... +....#
#'##†.....o...% ##.#.##
.. #.)...s.... #.#..# ...
#..)...... #.##.# ...
#...We### # #.##.# ..
#...@...#.######.##.# .
#†........##.....#...
#................#...
#.....######.###.#.#.
#.....'......#...#.#.
#.....########.###.##
####### #.....## #.....##
#..<..##


You could see Duvessa (berserk), an orc priest, an orc wizard, Vile's ghost, an
orc, a giant cockroach and a hound skeleton.

Vanquished Creatures
  2 hounds (D:4)
  An orc priest (D:4)
  Natasha (thrice) (D:4)
  8 mummies (Ossuary)
  An adder (D:3)
  2 worms (D:3)
  A dart slug (D:1)
  A leopard gecko (D:1)
  7 orcs
  2 bats
  A giant cockroach (D:1)
  3 goblins (D:1)
  2 hobgoblins
  A jackal (D:4)
  A frilled lizard (D:4)
  A gnoll zombie (Ossuary)
  4 hobgoblin zombies (Ossuary)
  2 kobolds
  2 kobold zombies (Ossuary)
  An orc zombie (Ossuary)
  A rat (D:2)
47 creatures vanquished.

Vanquished Creatures (collateral kills)
  A hound (D:4)
  An orc (D:4)
  A jackal (D:4)
3 creatures vanquished.

Vanquished Creatures (others)
  Dowan (D:4)
1 creature vanquished.

Grand Total: 51 creatures vanquished

Notes
Turn   | Place    | Note
-------+----------+-------------------------------------------
     0 | D:1      | M4edhros the Octopode Artificer began the quest for the Orb.
     0 | D:1      | Reached XP level 1. HP: 13/13 MP: 3/3
   107 | D:1      | Reached skill level 2 in Stealth
   189 | D:1      | Reached XP level 2. HP: 16/18 MP: 4/4
   190 | D:1      | Reached skill level 3 in Stealth
   506 | D:3      | Reached skill level 4 in Stealth
   508 | D:3      | Reached XP level 3. HP: 14/23 MP: 5/5
   643 | D:4      | Reached skill level 5 in Stealth
   653 | D:4      | Noticed Vile's ghost (amateur MiFi)
   705 | D:3      | Reached XP level 4. HP: 18/28 MP: 6/6
   907 | D:4      | Found a sand-covered staircase.
   961 | D:4      | Noticed Natasha
   963 | Ossuary  | Entered an ossuary
  1010 | Ossuary  | Reached skill level 6 in Stealth
  1104 | Ossuary  | Reached XP level 5. HP: 28/33 MP: 7/7
  1170 | Ossuary  | Reached skill level 7 in Stealth
  1468 | D:4      | Killed Natasha
  1468 | D:4      | Reached skill level 8 in Stealth
  1578 | D:4      | Noticed Natasha
  1587 | D:4      | Killed Natasha
  1587 | D:4      | Reached XP level 6. HP: 18/38 MP: 8/8
  1698 | D:4      | Noticed Natasha
  1704 | D:4      | Killed Natasha
  1905 | D:4      | Reached skill level 9 in Stealth
  1968 | D:4      | Noticed Duvessa
  1969 | D:4      | Noticed Dowan
  1995 | D:4      | Your ally died
  2003 | D:4      | Slain by Vile's ghost

Vault maps used:
D:1:      dpeg_arrival_houses_and_road
D:2:      first_bread, st_stairs_4
D:3:      kennysheep_big_flooded_room, chequers_ecumenical_altar_simple
D:4:      nicolae_ossuary_entry_plus, uniq_duvessa, uniq_natasha
Ossuary:  ossuary_tomb_3

Skill      XL: |  1  2  3  4  5  6 |
---------------+-------------------+-----
Stealth        | 2 4 5 6 8 9 |  9.3
Fighting       | |  1.0
Short Blades   | |  1.0
Dodging        | |  2.0
Evocations     | |  3.2

Action                   |  1- 3 |  4- 6 || total
-------------------------+-------+-------++-------
Melee: Short sword       |    45 |    74 ||   119
       Constrict         |    15 |    25 ||    40
       Tentacles         |    10 |    24 ||    34
Evoke: Wand              |     3 |    20 ||    23
  Use: Scroll            |       |     3 ||     3
 Stab: Sleeping          |     2 |     2 ||     4
  Eat: Chunk             |       |     3 ||     3
Armor: Skin              |     2 |       ||     2
Dodge: Dodged            |    24 |    42 ||    66
